 Dungeon Crawl Stone Soup version 0.28-a0-1087-gf3fc490d9d (webtiles) character file.

Game seed: 1167138067827605345

666 ytrimaz the Insei (level 7, 0/46 HPs)
             Began as an Octopode Transmuter on Dec 10, 2021.
             Succumbed to a scorpion's poison
             ... on level 5 of the Dungeon.
             The game lasted 00:04:24 (5361 turns).

ytrimaz the Insei (Octopode Transmuter)             Turns: 5361, Time: 00:04:25

Health: 0/46       AC:  1    Str:  9    XL:     7   Next: 57%
Magic:  5/13       EV: 13    Int: 17    God:
Gold:   191        SH:  0    Dex: 13    Spells: 4/14 levels left

rFire   . . .      SeeInvis .     - Unarmed
rCold   . . .      Faith    +   (no shield)
rNeg    . . .      Spirit   .   (helmet restricted)
rPois   .          Reflect  .   h - amulet of faith
rElec   .          Harm     .   (no ring)
rCorr   .          Rampage  .   (no ring)
Will    .....                   (no ring)
Stlth   ++........              (no ring)
HPRegen 0.15/turn               (no ring)
MPRegen 0.13/turn               (no ring)
                                (no ring)
                                (no ring)

@: lethally poisoned (0 -> -7), wereblooded, very slightly contaminated, hasted,
very quick
A: almost no armour, amphibious, 8 rings, camouflage 1, gelatinous body 1,
(nimble swimmer 1), tentacles
a: no special abilities


You were on level 5 of the Dungeon.
You visited 1 branch of the dungeon, and saw 5 of its levels.

You collected 191 gold pieces.

Inventory:

Jewellery
 h - an amulet of faith (around mantle)
Scrolls
 d - 2 scrolls of fog
 e - a scroll of enchant armour
 g - a scroll of teleportation {unknown}
Potions
 a - 3 potions of lignification
 c - 2 potions of might
 j - a potion of mutation


   Skills:
 * Level 3.0 Fighting
 - Level 2.0 Dodging
 + Level 5.1 Unarmed Combat
 * Level 4.2 Spellcasting
 * Level 4.5 Transmutations
 + Level 1.1 Ice Magic
 + Level 0.2 Poison Magic


You had 4 spell levels left.
You knew the following spells:

 Your Spells              Type           Power      Damage    Failure   Level
a - Beastly Appendage     Tmut           38%        N/A       2%          1
b - Spider Form           Tmut/Pois      11%        N/A       17%         3
c - Wereblood             Tmut           19%        N/A       3%          2
d - Ice Form              Ice/Tmut       13%        N/A       43%         4

Your spell library contained the following spells:

 Spells                   Type           Power      Damage    Failure   Level
 Gell's Gravitas          Tloc           3%         N/A       43%         3
 Lesser Beckoning         Tloc           3%         N/A       43%         3
 Teleport Other           Tloc           3%         N/A       43%         3


Dungeon Overview and Level Annotations

Branches:
Dungeon (5/15)
 Temple: D:4-7

Altars:


Innate Abilities, Weirdness & Mutations

You cannot wear most types of armour.
You are amphibious.
You can wear up to eight rings at the same time.
Your skin changes colour to match your surroundings (Stealth+).
Your rubbery body absorbs attacks. (AC +1, EV +1)
((You are camouflaged near water. (Stealth+)))
You have tentacles for arms and can constrict up to eight enemies at once.


Message History

The scorpion stings you.
* * * LOW HITPOINT WARNING * * *
You tentacle-slap the scorpion. Your grab misses the scorpion.
The scorpion is moderately wounded.
You howl as the wereblood boils in your veins!
The scorpion stings you.
* * * LOW HITPOINT WARNING * * *
Unknown command.
Okay, then.
Unknown command.
You barely miss the scorpion. You grab the scorpion.
The scorpion is moderately wounded.
You constrict the scorpion, but do no damage.
The scorpion stings you.
* * * LOW HITPOINT WARNING * * *
You are lethally poisoned!
The scorpion poisons you!
You feel better.
You constrict the scorpion, but do no damage.
The scorpion stings you!
* * * LOW HITPOINT WARNING * * *
The scorpion stings you but does no damage.
Unknown command.
Unknown command.
You tentacle-slap the scorpion.
The scorpion is moderately wounded.
You constrict the scorpion, but do no damage.
The scorpion closely misses you.
Unknown command.
You tentacle-slap the scorpion. You squeeze the scorpion.
The scorpion is severely wounded.
You constrict the scorpion. The scorpion stings you.
* * * LOW HITPOINT WARNING * * *
You are lethally poisoned!
The scorpion poisons you!
Unknown command.
Unknown command.
It was a potion of haste.
You feel yourself speed up.
You constrict the scorpion.
You die...

**,******,*,,,,,,,***,,,,,,,**
,,,,,,,......*...,,,,,***..**
,**,,,,.(....*...****,,,*...*
,**,,,,......#,..* ***,*,#.#*
***,,,,........#.## *,#.#..####
* *,,,,.....(.,...#
**...,#..... *
*,,,,.......**#.####..##.##....
*
*,,,,.......###......#*#.*#....
* *,,,,!......,,,,,*
#.**,.)#..###....#**, *,,,,,,,*
#.**.####.# #..###*,, *,,,,,,,*
*,*..* *.# #.## *,*


You could see a scorpion.

Vanquished Creatures
  Grinder (D:5)
  A phantom (D:4)
  A scorpion (D:4)
  A wyvern zombie (D:5)
  A hound (D:4)
  A jelly (D:4)
  A centaur skeleton (D:5)
  2 iguanas
  An orc wizard (D:4)
  4 adders
  A dart slug (D:2)
  7 orcs
  4 ball pythons
  5 bats
  7 endoplasms
  4 giant cockroaches
  11 goblins
  4 hobgoblins
  4 jackals (D:1)
  7 kobolds
  3 quokkas
  4 frilled lizards
  5 rats
80 creatures vanquished.

Notes
Turn   | Place    | Note
-------+----------+-------------------------------------------
     0 | D:1      | ytrimaz the Octopode Transmuter began the quest for the
                  | Orb.
     0 | D:1      | Reached XP level 1. HP: 13/13 MP: 3/3
   218 | D:1      | Reached XP level 2. HP: 16/18 MP: 3/5
   331 | D:1      | Found a faded altar of an unknown god.
   820 | D:1      | Reached XP level 3. HP: 7/23 MP: 6/6
   824 | D:1      | Learned a level 3 spell: Spider Form
   827 | D:1      | Learned a level 2 spell: Wereblood
  1803 | D:2      | Reached XP level 4. HP: 18/29 MP: 6/8
  3898 | D:4      | Noticed a scorpion
  3982 | D:4      | Killed a scorpion
  3983 | D:4      | Reached XP level 5. HP: 22/34 MP: 1/9
  4033 | D:4      | Reached skill level 4 in Unarmed Combat
  4293 | D:4      | Reached XP level 6. HP: 38/41 MP: 6/11
  4933 | D:5      | Entered Level 5 of the Dungeon
  4941 | D:4      | Learned a level 4 spell: Ice Form
  5128 | D:5      | Reached XP level 7. HP: 39/45 MP: 12/12
  5190 | D:5      | Noticed Grinder
  5205 | D:5      | Killed Grinder
  5206 | D:5      | Reached skill level 5 in Unarmed Combat
  5354 | D:5      | Reached skill level 1 in Ice Magic
  5360 | D:5      | HP: 2/46 [scorpion (6)]
  5361 | D:5      | Succumbed to a scorpion's poison

Illustrated notes

Levels and vault maps discovered:
D:1:      dpeg_arrival_three_same_balls, layout_basic,
          hellmonk_ecumenical_altar_blasted, wad_floor_pattern_1
D:2:      layout_basic, chequers_serial_rivers_room_b, minmay_pentomino_x2
D:3:      layout_basic
D:4:      layout_basic, lemuel_another_geyser
D:5:      layout_rooms, mainiacjoe_overflow_catwalk, serial_shops,
          nicolae_shop_hallway_stairs, uniq_grinder

Skill      XL: |  1  2  3  4  5  6  7 |
---------------+----------------------+-----
Fighting       | 2 3 |  3.0
Spellcasting   | 3 4 |  4.2
Transmutations | 3 4 |  4.5
Unarmed Combat | 4 5 |  5.1
Ice Magic      | 1 |  1.1
Dodging        | |  2.0
Poison Magic   | |  0.2

Action                   |  1- 3 |  4- 6 |  7- 9 || total
-------------------------+-------+-------+-------++-------
Melee: Unarmed           |    85 |   150 |    20 ||   255
       Constrict         |    23 |    21 |     2 ||    46
       Tentacles         |    14 |    22 |     3 ||    39
       Kick              |     9 |    22 |       ||    31
       Punch             |     1 |       |       ||     1
 Cast: Beastly Appendage |     8 |    19 |       ||    27
       Spider Form       |     1 |     2 |       ||     3
       Wereblood         |       |     7 |     1 ||     8
       Ice Form          |       |     1 |     1 ||     2
  Use: Scroll            |     3 |     3 |     1 ||     7
       Potion            |       |     1 |     2 ||     3
 Stab: Sleeping          |     4 |     6 |       ||    10
Armor: Skin              |    12 |    15 |     1 ||    28
Dodge: Dodged            |    64 |   112 |     7 ||   183

Table legend: (Time is in decaauts)
 A = Elapsed time spent in this place.
 B = Non-inter-level travel time spent in this place.
 C = Inter-level travel time spent in this place.
 D = Time resting spent in this place.
 E = Time spent auto-exploring this place.
 F = Levels seen in this place.
 G = Mean time per level.
                   A        B        C        D        E       F      G
               +--------+--------+--------+--------+--------+-----+--------+
         Total |   5344 |   5206 |    138 |     22 |   4472 |   5 | 1068.8 |
       Dungeon |   5344 |   5206 |    138 |     22 |   4472 |   5 | 1068.8 |
               +--------+--------+--------+--------+--------+-----+--------+

Top non-repeatable levels by time:
     D:2: 1660 daAuts
     D:1: 1433 daAuts
     D:4: 1028 daAuts
     D:3: 828 daAuts
     D:5: 393 daAuts
